 Dungeon Crawl Stone Soup version 0.30.1-9-gdf580d7c3d (webtiles) character file.

Game seed: 18379075971266153673

26 booth the Ducker (level 2, -3/23 HPs)
             Began as a Demonspawn Gladiator on Oct 18, 2023.
             Slain by Terence
             ... wielding a +0 falchion
              (6 damage)
             ... on level 2 of the Dungeon.
             The game lasted 00:03:55 (582 turns).

booth the Ducker (Demonspawn Gladiator)              Turns: 582, Time: 00:03:56

Health: -3/23      AC:  3    Str: 13    XL:     2   Next: 89%
Magic:  2/2        EV: 13    Int:  8    God:
Gold:   54         SH:  0    Dex: 18    Spells: 1/1 levels left

rFire   x . .        a - +0 war axe
rCold   . . .        (no shield)
rNeg    . . .        b - +0 leather armour
rPois   .            (helmet restricted)
rElec   .            (no cloak)
rCorr   .            (no gloves)
SInv    .            (no boots)
Will    .....        (no amulet)
Stlth   +            (no ring)
HPRegen 0.23/turn    (no ring)
MPRegen 0.08/turn

%: no passive effects
@: no status effects
A: horns 2, agile 1, heat vulnerability 1
a: no special abilities


You were on level 2 of the Dungeon.
You visited 1 branch of the dungeon, and saw 2 of its levels.

You collected 54 gold pieces.

Inventory:

Hand Weapons
 a - a +0 war axe (weapon)
 c - a +0 mace
Missiles
 d - a throwing net (quivered)
Armour
 b - a +0 leather armour (worn)
 m - a +0 ring mail
Potions
 g - a potion of might {unknown}
 h - a potion of brilliance {unknown}


   Skills:
 + Level 2.4 Fighting
 + Level 3.0 Axes
 + Level 2.2 Throwing
 + Level 3.0 Dodging


You had one spell level left.
You didn't know any spells.
Your spell library contained the following spells:

 Spells                   Type           Power      Damage    Failure   Level
 Cigotuvi's Dreadful Rot  Necr/Pois/Air  0%         N/A       63%         2
 Dispel Undead            Necr           0%         3d6       99%         4
 Death Channel            Necr           0%         N/A       100%        6


Dungeon Overview and Level Annotations

Branches:
Dungeon (2/15)

Altars:

Annotations:
D:2 Terence


Innate Abilities, Weirdness & Mutations

You have a pair of horns on your head.
You are agile. (Dex +4, Str/Int -1)
You are vulnerable to heat. (rF-)


Message History

You throw a javelin.
The javelin pierces through Terence but does no damage.
Terence is lightly wounded.
Terence struggles against the net. x2
The net rips apart, and Terence comes free!
It was a potion of heal wounds.
You feel much better.
You aren't carrying any scrolls.
Terence misses you.
There is a stone staircase leading up here.
You barely miss Terence.
Terence is lightly wounded.
Terence hits you with a +0 falchion.
You barely miss Terence.
Terence is lightly wounded.
Terence hits you with a +0 falchion!
You hit Terence.
Terence is moderately wounded.
Terence closely misses you. Terence hits you with a +0 falchion.
* * * LOW HITPOINT WARNING * * *
You closely miss Terence. Your headbutt misses Terence.
Terence is moderately wounded.
Terence closely misses you.
You hit Terence but do no damage. You headbutt Terence.
Terence is heavily wounded.
Terence hits you with a +0 falchion.
* * * LOW HITPOINT WARNING * * *
You barely miss Terence. You punch Terence, but do no damage.
Terence is heavily wounded.
Terence closely misses you. x2
You barely miss Terence.
Terence is heavily wounded.
Terence barely misses you.
You hit Terence. You headbutt Terence.
Terence is severely wounded.
Terence barely misses you. Terence hits you with a +0 falchion.
* * * LOW HITPOINT WARNING * * *
You hit Terence but do no damage.
Terence is severely wounded.
Terence hits you with a +0 falchion.
You die...

#. #. #. .##
.(# #.# #.#
#@# #@# #.#
#.............
##.#######....
..


You could see Terence.

Vanquished Creatures
  A dart slug (D:1)
  3 bats (D:1)
  5 giant cockroaches (D:1)
  3 hobgoblins (D:1)
  3 jackals (D:1)
  2 ball pythons (D:1)
  A frilled lizard (D:1)
  A goblin (D:1)
  2 rats (D:1)
21 creatures vanquished.

Notes
Turn   | Place    | Note
-------+----------+-------------------------------------------
     0 | D:1      | booth the Demonspawn Gladiator began the quest for the Orb.
     0 | D:1      | Reached XP level 1. HP: 16/16 MP: 1/1
   150 | D:1      | Gained mutation: You have a pair of small horns on your
                  | head. [demonic ancestry]
   150 | D:1      | Reached XP level 2. HP: 17/22 MP: 2/2
   549 | D:1      | Gained mutation: You are vulnerable to heat. (rF-) [potion
                  | of mutation]
   549 | D:1      | Gained mutation: You are agile. (Dex +4, Str/Int -1)
                  | [potion of mutation]
   549 | D:1      | Gained mutation: You have a pair of horns on your head.
                  | [potion of mutation]
   562 | D:2      | Noticed Terence
   582 | D:2      | Slain by Terence

Illustrated notes

Levels and vault maps discovered:
D:1:      nagdon_arrival_zigzag_paths, layout_rooms, minmay_worlds_worst_comb
D:2:      minmay_skewed_foursquare, layout_loops_ring, serial_park_tiny_2,
          uniq_sigmund, uniq_jessica, uniq_terence

Skill      XL: |  1  2 |
---------------+-------+-----
Throwing       | 2 |  2.2
Axes           | 3 |  3.0
Dodging        | 3 |  3.0
Fighting       | |  2.4

Action                     || total
---------------------------++-------
  Melee: War axe           ||    65
         Headbutt          ||     8
         Punch             ||     2
  Throw: Throwing net      ||     2
         Javelin           ||     1
    Use: Scroll            ||     3
         Potion            ||     2
   Stab: Sleeping          ||     1
 Armour: Leather armour    ||    23
  Dodge: Dodged            ||    44
